 Dungeon Crawl Stone Soup version 0.28-a0-1435-g82390b3a13 (webtiles) character file.

Game seed: 4646480437940693900

97 enile the Twirler (level 4, -2/35 HPs)
             Began as a Barachi Wanderer on Jan 9, 2022.
             Was an Initiate of Okawaru.
             Slain by an ogre (19 damage)
             ... on level 3 of the Dungeon.
             The game lasted 00:05:01 (1582 turns).

enile the Twirler (Barachi Wanderer)                Turns: 1582, Time: 00:05:02

Health: -2/35      AC:  5    Str: 11 (14) XL:     4   Next: 68%
Magic:  7/7        EV: 10    Int: 10 (13) God:    Okawaru [......]
Gold:   62         SH:  0    Dex: 11 (12) Spells: 6/7 levels left

rFire   . . .      SeeInvis .   e - +1 short sword (speed)
rCold   . . .      Faith    .   d - orb {light}
rNeg    . . .      Spirit   .   b - +0 ring mail
rPois   .          Reflect  .   (no helmet)
rElec   .          Harm     .   (no cloak)
rCorr   .          Rampage  .   (no gloves)
Will    .....                   (no boots)
Stlth   +.........              (no amulet)
HPRegen 0.11/turn               (no ring)
MPRegen 0.10/turn               (no ring)

@: unable to hop, glowing, slow
A: amphibious, slowness 1, strong legs 1, +LOS
a: Hop, Renounce Religion


You were on level 3 of the Dungeon.
You worshipped Okawaru.
Okawaru was noncommittal.
You visited 2 branches of the dungeon, and saw 5 of its levels.

You collected 62 gold pieces.

Inventory:

Hand Weapons
 a - a +2 quarterstaff
 e - a +1 short sword of speed (weapon)
Armour
 b - a +0 ring mail (worn)
 d - an orb of light (worn)
 h - a +0 chain mail


   Skills:
 - Level 3.0 Fighting
 - Level 1.0 Short Blades
 - Level 3.3 Staves
 - Level 3.0 Armour
 - Level 2.0 Dodging
 - Level 1.0 Stealth
 - Level 2.0 Spellcasting
 - Level 1.1 Fire Magic
 + Level 0.7 Invocations
 - Level 1.2 Evocations


You had 6 spell levels left.
You knew the following spells:

 Your Spells              Type           Power      Damage    Failure   Level
a - Foxfire               Conj/Fire      8%         2x1d4     50%         1

Your spell library contained the following spells:

 Spells                   Type           Power      Damage    Failure   Level
 Conjure Flame            Conj/Fire      2%         6-21      86%         3


Dungeon Overview and Level Annotations

Branches:
Dungeon (4/15)             Temple (1/1) D:4

Altars:
Ashenzari
Dithmenos
Elyvilon
Fedhas
Hepliaklqana
Makhleb
Nemelex Xobeh
Okawaru
Sif Muna
Trog
Wu Jian
Xom
Yredelemnul
Zin
The Shining One


Innate Abilities, Weirdness & Mutations

You are amphibious.
You cover ground slowly.
You can hop short distances.
You have an extended range of vision and can be seen from far away.


Message History

Magic restored.
An ogre comes into view. It is wielding a +0 giant spiked club.
An ogre is nearby!
An ogre is nearby!
An ogre is nearby!
Okay, then.
The ogre hits you with a +0 giant spiked club!!
Ouch! That really hurt!
Hop to where?
Press: ? - help, Dir - move target Boing!
Okay, then.
Blink to where?
Press: ? - help, Dir - move target
As you read the scroll labelled TORES WEONIAQI, it crumbles to dust.
It was a scroll of blinking.
Casting: Foxfire (safe; 36% risk of failure)
Confirm with . or Enter, or press ? or * to list all spells.
You don't know that spell.
Casting: Foxfire (safe; 36% risk of failure)
Confirm with . or Enter, or press ? or * to list all spells.
Okay, then.
Okay, then.
Okay, then.
As you read the scroll labelled GIXIET HUHIREJ, it crumbles to dust.
The creatures around you are filled with an inner flame!
It was a scroll of immolation.
It was a potion of cancellation.
You feel magically purged. The ogre misses you. The ogre barely misses you.
Things that are here:
a +0 dagger; a goblin corpse The ogre closely misses you.
Okay, then.
It was a potion of degeneration.
There was something very wrong with that liquid.
You feel weakened.
You feel dopey.
You feel clumsy.
The ogre hits you with a +0 giant spiked club!!
Ouch! That really hurt!
You die...

#..#.......### #..
#..##.....## #.#
#.........# #.#
#...####### ####.# #...#
#....# #...# ####.##.#
#...# ##........
..###.#...######.........
P.......@O..).......####.
...........#####.....###+
###........# #.....##...
#........####.....##...
#####..............'.._
###+#.####....#.... .#
#....##... .# #....####+
.. ......#


You could see an ogre (inner flame).

Vanquished Creatures
  A crimson imp (D:3)
  2 adders
  A gnoll (D:1)
  An endoplasm (D:1)
  A giant cockroach (D:1)
  2 goblins
  5 hobgoblins (D:1)
  2 jackals (D:1)
  2 quokkas
  A ball python (D:3)
  2 bats (D:1)
  A frilled lizard (D:1)
  A goblin zombie (D:3)
  A hobgoblin zombie (D:3)
  6 kobolds
  2 kobold skeletons (D:3)
  2 kobold zombies (D:3)
  An orc skeleton (D:3)
  An orc zombie (D:3)
35 creatures vanquished.

Vanquished Creatures (others)
  A butterfly (D:4)
  28 foxfires
29 creatures vanquished.

Grand Total: 64 creatures vanquished

Notes
Turn   | Place    | Note
-------+----------+-------------------------------------------
     0 | D:1      | enile the Barachi Wanderer began the quest for the Orb.
     0 | D:1      | enile set off with the following items: a +2 quarterstaff,
                  | a +0 ring mail; and the following spell memorised: Foxfire;
                  | and the following spells available to memorise: Conjure
                  | Flame
     0 | D:1      | Reached XP level 1. HP: 15/15 MP: 2/2
    58 | D:1      | Reached XP level 2. HP: 22/22 MP: 1/3
   671 | D:1      | Reached XP level 3. HP: 24/29 MP: 2/5
  1003 | D:2      | You fall into a shaft and drop 2 floors!
  1041 | D:4      | Found a staircase to the Ecumenical Temple.
  1047 | Temple   | Entered the Ecumenical Temple
  1112 | Temple   | Became a worshipper of Warmaster Okawaru
  1127 | D:4      | Found a white marble altar of Elyvilon.
  1290 | D:3      | Found a shimmering altar of Xom.
  1320 | D:3      | Reached skill level 1 in Short Blades
  1439 | D:3      | Reached XP level 4. HP: 34/35 MP: 7/7
  1448 | D:3      | Found a glowing golden altar of the Shining One.
  1560 | D:3      | Noticed an ogre
  1582 | D:3      | Slain by an ogre

Illustrated notes

Levels and vault maps discovered:
D:1:      mrwooster_arrival_arrow, layout_basic, serial_park_tiny_2
D:2:      layout_basic, chequers_serial_rivers_small_a, grunt_ministairs_4,
          guppyfry_early_lair_pool
D:3:      layout_basic, nicolae_tso_besieged_by_evil,
          mainiacjoe_overflow_alcove_1, mainiacjoe_overflow_tiny_flanked,
          vehumet_crystals
D:4:      layout_loops_ring, elyvilon_altar_4, minmay_temple_entry_butterflies,
          corexii_corridor_pit
Temple:   nicolae_temple_x_marks_the_god

Skill      XL: |  1  2  3  4 |
---------------+-------------+-----
Fighting       | 2 3 |  3.0
Spellcasting   | 2 |  2.0
Armour         | 3 |  3.0
Short Blades   | 1 |  1.0
Dodging        | 2 |  2.0
Staves         | |  3.3
Stealth        | |  1.0
Fire Magic     | |  1.1
Invocations    | |  0.7
Evocations     | |  1.2

Action                   |  1- 3 |  4- 6 || total
-------------------------+-------+-------++-------
Melee: Quarterstaff      |    31 |       ||    31
       Short sword       |    35 |    35 ||    70
 Cast: Foxfire           |    12 |     4 ||    16
 Abil: Hop               |       |     1 ||     1
  Use: Scroll            |       |     2 ||     2
       Potion            |       |     2 ||     2
Armor: Ring mail         |    25 |    15 ||    40
Dodge: Dodged            |    36 |    21 ||    57

Table legend: (Time is in decaauts)
 A = Elapsed time spent in this place.
 B = Non-inter-level travel time spent in this place.
 C = Inter-level travel time spent in this place.
 D = Time resting spent in this place.
 E = Time spent auto-exploring this place.
 F = Levels seen in this place.
 G = Mean time per level.
                   A        B        C        D        E       F      G
               +--------+--------+--------+--------+--------+-----+--------+
         Total |   1724 |   1618 |    106 |      0 |   1293 |   5 |  344.8 |
       Dungeon |   1637 |   1567 |     70 |      0 |   1248 |   4 |  409.2 |
        Temple |     86 |     51 |     35 |      0 |     44 |   1 |   86.0 |
               +--------+--------+--------+--------+--------+-----+--------+

Top non-repeatable levels by time:
     D:1: 1102 daAuts
     D:3: 295 daAuts
     D:4: 239 daAuts
  Temple: 86 daAuts
